cohdb
Replays
Latest Replays
All Replays
Popular Replays
Top Player Replays
Match Explorer
How It Works
Community
CoH3 Stats
Reddit
Sign in to upload your games and track your stats! →
Sign in with Steam
Match 42763423
Unlisted
Match 42763423
Overview
Messages
Build Orders
End
Panzergrenadier Squad
250 Light Carrier
Panzergrenadier Squad
Construct Light Support Kompanie
2.5-tonne Medical Truck
Combat Half-tracks
Fire Support Elements
Selects Panzerjäger Kommand Battlegroup
Selects Mine Fields
Selects Early Warning
Selects Defensive Positions
Pak 38 Mechanized Group
Veteran Squad Leaders
Construct Panzerarmee Kommand
Selects Butterfly Bomb Drop
Panzer III L Medium Tank
Selects Tank Busters
Rapid Advance
Emergency Repair Kits
Advanced Optics
Armored Reserves
Selects Crew Shock Tactics
Tungsten Core Ammunition
Walking Stuka Rocket Launcher
Butterfly Bomb Drop
MG34 Team
Butterfly Bomb Drop
Selects Elefant Tank Destroyer
Elefant Tank Destroyer
Vehicle Survival Package
Butterfly Bomb Drop
Panzerjäger Squad
Panzerjäger Squad
2.5-tonne Medical Truck
“德”才兼备
微笑的云朵
cc<
MSZW
TidaL
馋懒熊
2114751070
Tickling Uncle
0
0
Comments
sign in to comment!
No comments posted yet!